Map: Ephemeron LE

Players

Mortlock - Winner!

  • Race: Protoss Protoss
  • League: Gold
  • Spawn Location: 5:00

A.I. 1 (Hard)

  • Race: Protoss Protoss
  • Spawn Location: 11:00

VOD

Have the link to the VOD?

Description

Time

  • Played on: Jan. 17, 2020, 8:12 p.m.
  • Length: 13:54
Show
View Real Time Build Order
Export as new Build Order

Mortlock Protoss - Winner!

Build Orders:  

Get SALT Encoding   

  12  0:01  Probe  
  13  0:13  Probe  
  14  0:17  Pylon  
  14  0:25  Probe  
  15  0:37  Probe  
  15  0:38  Gateway  
  16  0:45  Assimilator  
  16  0:49  Probe (Chrono Boost)  
  17  1:00  Probe (Chrono Boost)  
  18  1:04  Probe (Chrono Boost)  
  18  1:08  Gateway  
  19  1:16  Probe (Chrono Boost)  
  20  1:23  Probe (Chrono Boost)  
  21  1:26  Cybernetics Core  
  21  1:30  Pylon  
  21  1:34  Probe  
  21  1:39  Assimilator  
  22  1:46  Probe  
  23  1:58  Probe  
  24  2:08  Stalker  
  24  2:09  Stalker  
  24  2:11  Probe  
  29  2:23  Probe  
  30  2:35  Probe  
  31  2:40  Nexus  
  31  2:45  Pylon  
  31  3:03  Probe  
  31  3:04  Pylon  
  32  3:08  Warp Gate (Chrono Boost)  
  32  3:15  Probe (Chrono Boost)  
  32  3:17  Stalker  
  35  3:20  Stalker  
  37  3:27  Probe (Chrono Boost)  
  37  3:30  Pylon  
  38  3:36  Pylon, Probe (Chrono Boost)  
  39  3:41  Probe  
  40  3:49  Robotics Facility  
  40  3:57  Probe x2 (Chrono Boost)  
  42  4:07  Probe x2 (Chrono Boost), Stalker  
  46  4:12  Probe x2 (Chrono Boost), Stalker  
  50  4:23  Probe x2  
  52  4:25  Pylon  
  52  4:32  Assimilator x2  
  52  4:35  Probe x2  
  54  4:39  Observer  
  55  4:52  Gateway  
  55  4:53  Gateway  
  55  4:55  Gateway  
  55  5:00  Nexus  
  55  5:11  Probe x2  
  57  5:20  Stalker x2  
  61  5:23  Probe x2  
  63  5:30  Pylon  
  63  5:31  Pylon  
  63  5:33  Pylon  
  61  5:47  Stalker x4  
  59  5:59  Probe x2  
  59  6:11  Probe x2  
  61  6:12  Immortal  
  61  6:13  Stalker  
  67  6:23  Probe x2  
  69  6:26  Forge  
  69  6:28  Forge  
  69  6:30  Forge  
  69  6:35  Probe x2  
  71  6:42  Robotics Facility  
  71  6:43  Robotics Facility  
  71  6:48  Gateway x2, Probe x2 (Chrono Boost)  
  71  6:51  Gateway  
  73  6:54  Probe (Chrono Boost)  
  73  7:00  Probe (Chrono Boost)  
  73  7:01  Probe (Chrono Boost)  
  76  7:05  Probe (Chrono Boost)  
  77  7:12  Stalker x2  
  77  7:13  Stalker  
  83  7:16  Protoss Ground Weapons Level 1  
  83  7:17  Protoss Ground Armor Level 1  
  83  7:19  Protoss Shields Level 1  
  83  7:27  Assimilator  
  83  7:31  Assimilator  
  83  7:34  Stalker x2  
  87  7:49  Pylon  
  87  7:50  Pylon  
  87  7:53  Stalker x3  
  87  7:57  Immortal  
  97  8:04  Immortal x2  
  105  8:06  Stalker x2  
  109  8:13  Pylon  
  109  8:15  Pylon  
  109  8:16  Pylon  
  109  8:18  Pylon  
  109  8:26  Probe  
  110  8:37  Stalker x3  
  116  8:42  Nexus  
  116  8:47  Shield Battery  
  116  8:48  Shield Battery  
  116  8:50  Shield Battery  
  116  8:52  Shield Battery  
  116  8:56  Stalker x2  
  116  9:01  Immortal  
  124  9:21  Stalker x4  
  124  9:22  Stalker  
  121  9:55  Stalker x3  
  121  9:56  Stalker x2  
  131  10:01  Immortal x3  
  143  10:10  Probe x4 (Chrono Boost)  
  147  10:22  Probe (Chrono Boost)  
  147  10:23  Probe x3 (Chrono Boost)  
  151  10:30  Probe (Chrono Boost)  
  151  10:31  Probe (Chrono Boost), Twilight Council  
  153  10:40  Immortal  
  157  10:45  Stalker x4  
  157  10:46  Stalker  
  157  10:47  Immortal  
  157  10:48  Immortal  
  175  11:03  Pylon x2  
  175  11:08  Assimilator  
  175  11:13  Assimilator  
  175  11:16  Pylon  
  175  11:17  Pylon  
  175  11:19  Pylon  
  160  12:12  Stalker x2  
  160  12:13  Stalker x3  
  170  12:16  Immortal x2  
  170  12:17  Immortal  
  182  12:44  Stalker x5  
  192  12:55  Immortal  
  196  13:05  Observer x2  
Show
View Real Time Build Order
Export as new Build Order

A.I. 1 (Hard) Protoss 

Build Orders:  

Get SALT Encoding   

  12  0:00  Probe  
  13  0:13  Probe  
  14  0:20  Pylon  
  14  0:25  Probe  
  15  0:34  Probe  
  15  0:42  Probe  
  16  0:47  Assimilator  
  17  0:50  Gateway  
  17  0:52  Probe  
  18  1:00  Pylon, Probe  
  19  1:21  Probe  
  20  1:40  Zealot  
  20  1:42  Cybernetics Core  
  20  1:45  Gateway  
  20  1:46  Assimilator  
  22  2:03  Pylon  
  22  2:08  Warp Gate  
  22  2:14  Adept  
  24  2:32  Zealot  
  26  2:40  Pylon  
  26  2:44  Adept  
  28  2:59  Adept  
  30  3:07  Probe  
  31  3:14  Adept  
  31  3:19  Probe, Pylon  
  34  3:29  Adept  
  34  3:31  Probe  
  37  3:38  Forge  
  37  3:43  Probe, Stalker  
  40  3:55  Probe  
  41  4:05  Probe  
  41  4:07  Adept  
  44  4:22  Adept  
  46  4:59  Sentry, Protoss Ground Weapons Level 1  
  48  5:02  Gateway  
  48  5:07  Stalker  
  48  5:08  Pylon  
  48  5:09  Photon Cannon  
  50  5:17  Photon Cannon  
  50  5:22  Sentry  
  52  5:29  Robotics Facility  
  52  5:30  Stalker  
  52  5:31  Pylon  
  50  5:45  Stalker  
  50  5:53  Sentry  
  44  6:02  Zealot  
  40  6:10  Zealot  
  42  6:13  Nexus  
  42  6:16  Observer  
  43  6:19  Adept  
  45  6:28  Adept  
  47  6:36  Stalker  
  47  6:38  Observer  
  47  6:39  Stargate  
  50  6:45  Sentry  
  52  6:47  Protoss Ground Armor Level 1  
  52  6:53  Stalker  
  54  6:58  Twilight Council  
  54  7:02  Forge  
  54  7:24  Probe  
  54  7:26  Probe  
  56  7:32  Probe  
  56  7:35  Assimilator  
  56  7:36  Pylon  
  57  7:38  Probe  
  57  7:39  Pylon  
  57  7:42  Probe  
  58  7:50  Probe  
  60  7:54  Probe  
  61  8:01  Photon Cannon  
  61  8:02  Probe  
  61  8:04  Photon Cannon  
  62  8:06  Probe  
  63  8:14  Probe  
  63  8:17  Probe  
  65  8:25  Probe  
  65  8:26  Probe  
  67  8:35  Probe  
  67  8:38  Probe  
  69  8:47  Probe  
  70  8:49  Stalker x2  
  70  8:51  Probe, Stalker x2  
  71  8:56  Stalker x2  
  71  8:58  Gateway  
  71  9:02  Templar Archives  
  71  9:03  Warp Prism  
  71  9:06  Robotics Bay  
  71  9:08  Assimilator  
  73  9:12  Robotics Facility  
  71  9:31  Warp Prism  
  71  9:36  Zealot  
  51  9:46  Nexus, Stalker  
  53  9:56  High Templar  
  53  9:59  Observer  
  56  10:03  Protoss Ground Weapons Level 2  
  56  10:06  Stalker  
  58  10:07  Warp Prism  
  60  10:15  Protoss Ground Armor Level 2  
  60  10:16  Sentry  
  60  10:17  Disruptor  
  65  10:37  High Templar  
  67  10:47  Disruptor  
  70  10:57  Archon  
  70  10:58  Probe, High Templar  
  70  11:00  Probe  
  70  11:01  Probe  
  75  11:08  Assimilator, High Templar  
  75  11:10  Pylon  
  75  11:11  Probe  
  78  11:12  Probe  
  78  11:13  Assimilator  
  78  11:14  Probe  
  80  11:18  Archon  
  80  11:19  High Templar  
  80  11:23  Probe  
  79  11:26  Probe x2  
  79  11:29  Zealot  
  79  11:32  Fleet Beacon  
  83  11:35  Probe  
  83  11:36  Zealot  
  66  11:40  Zealot  
  60  11:47  Void Ray  
  60  11:52  Immortal  
  66  11:55  Stalker  
  66  11:59  Stalker  
  61  12:02  Zealot  
  61  12:06  Zealot  
  47  12:14  Nexus  
  47  12:18  High Templar  
  47  12:20  Assimilator  
  47  12:22  Stalker  
  31  12:32  High Templar  
  18  12:47  High Templar  
  12  13:15  High Templar  
  12  13:18  Pylon  
Tags
 
League
Gold
Matchup
PvP
Spawn Locations
Cross Positions
Add a new tag
Caveats
  • Supply blocks, unpowered buildings, or Contaminate may cause inaccurate times.
  • Supply counts are checked every 10 seconds.